 Dungeon Crawl Stone Soup version 0.31-a0-240-gb923e448b6 (webtiles) character file.

Game seed: 14504248878755174677

121 qw the Shooter (level 5, -7/30 HPs)
             Began as a Gargoyle Hexslinger on July 11, 2023.
             Mangled by an orc
             ... wielding a +0 flail of distortion
              (14 damage)
             ... on level 3 of the Dungeon.
             The game lasted 00:00:46 (1633 turns).

qw the Shooter (Gargoyle Hexslinger)                Turns: 1633, Time: 00:00:47

Health: -7/30      AC: 10    Str: 11    XL:     5   Next: 5%
Magic:  6/6        EV: 10    Int: 14    God:
Gold:   111        SH:  0    Dex: 14    Spells: 5/6 levels left

rFire   . . .        Y - +1 sling
rCold   . . .        (no shield)
rNeg    + . .        a - +0 ring mail
rPois   inf          (no helmet)
rElec   +            (no cloak)
rCorr   .            d - +0 pair of gloves
SInv    .            (no boots)
Will    .....        (no amulet)
Stlth   +            (no ring)
HPRegen 0.25/turn    (no ring)
MPRegen 0.10/turn

%: no passive effects
@: no status effects
A: sickness immunity, AC +4, negative energy resistance 1, electricity
resistance, torment resistance 1, petrification resistance
a: no special abilities


You were on level 3 of the Dungeon.
You visited 1 branch of the dungeon, and saw 3 of its levels.

You collected 111 gold pieces.


Innate Abilities, Weirdness & Mutations

You are immune to sickness and miasma.
Your stone body is resilient. (AC +4)
You are immune to poison.
You resist negative energy. (rN+)
You are resistant to electric shocks. (rElec)
You are resistant to unholy torment.
You are immune to petrification.


   Skills:
 - Level 2.0 Fighting
 - Level 4.7 Ranged Weapons
 + Level 0.0 Armour
 - Level 1.5 Dodging
 - Level 1.0 Spellcasting
 - Level 2.6 Hexes


You had 5 spell levels left.
You knew the following spells:

 Your Spells              Type           Power      Damage    Failure   Level
a - Slow                  Hex            32%        N/A       22%         1

Your spell library contained the following spells:

 Spells                   Type           Power      Damage    Failure   Level
 Inner Flame              Hex/Fire       4%         N/A       73%         3
 Portal Projectile        Hex/Tloc       8%         N/A       73%         3
 Cause Fear               Hex            4%         N/A       91%         4

Inventory:

Hand Weapons
 Y - a +1 sling (weapon)
Armour
 a - a +0 ring mail (worn)
 d - a +0 pair of gloves (worn)
Scrolls
 g - a scroll of identify
Potions
 b - a potion of enlightenment
 e - a potion of berserk rage {unknown}
 h - a potion of curing {unknown}
 k - a potion of heal wounds

Dungeon Overview and Level Annotations

Branches:
Dungeon (3/15)

Altars:
Vehumet

Shops:
D:1 [


Message History

The orc shouts!
You hear an angry hiss.
The orc throws a boomerang.
The boomerang hits you but does no damage.
You shoot a sling bullet.
The sling bullet completely misses the orc.
The orc throws a boomerang.
The boomerang completely misses you.
You shoot a sling bullet. The sling bullet barely misses the orc.
The orc throws a boomerang.
The boomerang hits you.
The orc hits you with a +0 flail of distortion!
Space warps around you.
1628 ||| STAIRDANCE The orc hits you with a +0 flail of distortion!
You blink.
Found a fizzy brown potion.
You can't go up here!
You shoot a sling bullet. The ball python hisses angrily.
The sling bullet hits the orc.
The orc is lightly wounded.
The orc hits you but does no damage. The ball python barely misses you.
The ball python completely misses you.
You shoot a sling bullet. The sling bullet hits the orc.
The orc is heavily wounded.
The ball python bites you but does no damage.
The ball python misses you. The orc closely misses you.
The ball python barely misses you. The ball python grabs you.
The ball python constricts you. The orc hits you with a +0 short sword.
You shoot a sling bullet. The sling bullet hits the ball python!
You kill the ball python!
The orc barely misses you.
You shoot a sling bullet.
The sling bullet completely misses the orc.
The sling bullet hits the orc but does no damage.
The orc barely misses you. The orc completely misses you.
You shoot a sling bullet.
The sling bullet closely misses the orc.
The orc barely misses you. x2
The orc hits you with a +0 flail of distortion.
Space warps horribly around you!
You die...

# ...# ......#
..#
.....###.######
.......<.......
##...........#.
#......####.$.
#..>...# .
#.ooo..#
#..@...#
#......#
#.......#
#...........
.......!.....
.##.........##
. #.........#
#.........#


You could see 3 orcs.

Vanquished Creatures
  4 gnolls (D:2)
  2 adders (D:2)
  4 dart slugs
  5 endoplasms
  3 giant cockroaches (D:1)
  7 goblins
  A hobgoblin (D:2)
  6 jackals
  4 quokkas (D:1)
  3 ball pythons
  5 bats
  3 frilled lizards
  4 kobolds
  3 rats
54 creatures vanquished.

Notes
Turn   | Place    | Note
-------+----------+-------------------------------------------
     0 | D:1      | qw the Gargoyle Hexslinger began the quest for the Orb.
     0 | D:1      | Reached XP level 1. HP: 12/12 MP: 2/2
     0 | D:1      | 0 ||| qw: Version: 0.3-a-52-g30416fa
     0 | D:1      | 0 ||| qw: Game counter: 5986
     0 | D:1      | 0 ||| qw: Melee chars always use a shield: true
     0 | D:1      | 0 ||| qw: God list: Okawaru
     0 | D:1      | 0 ||| qw: Allow faded altars: false
     0 | D:1      | 0 ||| qw: Do Orc after clearing Dungeon:15 true
     0 | D:1      | 0 ||| qw: Do second Lair branch before Depths: true
     0 | D:1      | 0 ||| qw: Lair rune preference: random
     0 | D:1      | 0 ||| qw: Goals: Normal
     0 | D:1      | 0 ||| PLANNING D:1-11
    16 | D:1      | Found Boevvos's Armour Emporium.
    34 | D:1      | 34 ||| SHOPLISTING +0 leather armour (28 gold, have 0).
   154 | D:1      | Found a faded altar of an unknown god.
   165 | D:1      | Reached XP level 2. HP: 16/16 MP: 3/3
   170 | D:1      | 170 ||| Stepping ~*~*~tactically~*~*~ (water).
   252 | D:1      | Reached skill level 3 in Ranged Weapons
   448 | D:1      | Reached XP level 3. HP: 21/21 MP: 4/4
   769 | D:1      | 769 ||| Stepping ~*~*~tactically~*~*~ (outnumbered).
   771 | D:1      | 771 ||| Stepping ~*~*~tactically~*~*~ (outnumbered).
   776 | D:1      | 776 ||| Stepping ~*~*~tactically~*~*~ (outnumbered).
   778 | D:1      | 778 ||| Stepping ~*~*~tactically~*~*~ (outnumbered).
   873 | D:1      | 873 ||| UPGRADING to +0 pair of gloves.
   878 | D:1      | 878 ||| READING scroll labelled TEEKKA DABRAT.
   879 | D:1      | 879 ||| READING 2 scrolls labelled FUNOTE PIEN.
   880 | D:1      | 880 ||| READING scroll labelled GUSOTR LIWU.
   881 | D:1      | 881 ||| READING scroll labelled VEICLU ENTE.
   884 | D:1      | 884 ||| DROPPING scroll of poison.
   914 | D:2      | Found a radiant altar of Vehumet.
   984 | D:2      | Reached XP level 4. HP: 26/26 MP: 5/5
  1139 | D:2      | Reached skill level 4 in Ranged Weapons
  1305 | D:2      | Reached XP level 5. HP: 30/30 MP: 6/6
  1594 | D:2      | 1594 ||| UPGRADING to +0 ring mail.
  1604 | D:2      | 1604 ||| DROPPING +0 robe.
  1605 | D:2      | 1605 ||| READING 2 scrolls labelled TUWNAP HEPTUI.
  1606 | D:2      | 1606 ||| DRINKING 2 amethyst potions.
  1607 | D:2      | 1607 ||| READING 2 scrolls of identify.
  1607 | D:2      | 1607 ||| IDENTIFYING gluggy blue potion
  1608 | D:2      | 1608 ||| DROPPING scroll of fear.
  1628 | D:3      | 1628 ||| STAIRDANCE
  1633 | D:3      | HP: 7/30 [orc/+0 flail of distortion (4)]
  1633 | D:3      | Mangled by an orc

Levels and vault maps discovered:
D:1:      nicolae_arrival_memento_mori, layout_basic,
          hellmonk_ecumenical_altar_pennies_from_heaven, serial_glass,
          glass_columns_c, glass_columns_b, serial_shops, shop
D:2:      layout_loops_ring, basic_altar
D:3:      layout_rooms, gammafunk_ghost_mausoleum, uniq_natasha

Skill      XL: |  1  2  3  4 |
---------------+-------------+-----
Ranged Weapons | 3 4 |  4.7
Fighting       | 2 |  2.0
Dodging        | |  1.5
Spellcasting   | |  1.0
Hexes          | |  2.6

Action                     |  1- 3 |  4- 6 || total
---------------------------+-------+-------++-------
   Fire: Sling             |   116 |    77 ||   193
    Use: Scroll            |     4 |     2 ||     6
         Potion            |       |     1 ||     1
 Armour: Robe              |    12 |    16 ||    28
         Ring mail         |       |     4 ||     4
  Dodge: Dodged            |    21 |    36 ||    57

Table legend:
 A = Non-vault XP
 B = Vault XP
 C = Vault XP percentage of total XP
 D = Non-vault monster count
 E = Vault monster count
 F = Vault count percentage of total count
                 A         B        C        D         E       F
            +---------+---------+-------+---------+---------+-------
      Total |     173 |       0 |   0.0 |      54 |       0 |   0.0
            +---------+---------+-------+---------+---------+-------
        D:1 |      57 |       0 |   0.0 |      30 |       0 |   0.0
        D:2 |     115 |       0 |   0.0 |      23 |       0 |   0.0
        D:3 |       1 |       0 |   0.0 |       1 |       0 |   0.0
            +---------+---------+-------+---------+---------+-------
